 Dungeon Crawl Stone Soup version 0.28-a0-655-g4eb62b627b (webtiles) character file.

Game seed: 13163329959646387944

92 freelancePsychic the Magician (level 4, 0/33 HPs)
             Began as a Djinni Fire Elementalist on Oct 13, 2021.
             Slain by a gnoll (2 damage)
             ... on level 4 of the Dungeon.
             The game lasted 00:02:24 (2425 turns).

freelancePsychic the Magician (DjFE)                Turns: 2425, Time: 00:02:24

Health: 0/33       AC:  2    Str:  7    XL:     4   Next: 90%
Gold:   79         EV: 12    Int: 18    God:
                   SH:  0    Dex: 13

rFire   + + .      SeeInvis .   (no weapon)
rCold   x . .      Faith    .   (no shield)
rNeg    . . .      Spirit   .   a - +0 robe
rPois   ∞          Reflect  .   (no helmet)
rElec   .          Harm     .   (no cloak)
rCorr   .          Rampage  .   (no gloves)
Will    .....                   (boots unavailable)
Stlth   ++........              (no amulet)
HPRegen 0.11/turn               (no ring)
MPRegen 0.00/turn               (no ring)

@: mighty, flying
A: sickness immunity, fire resistance 2, cold vulnerability 1, float, innate
caster, hp casting, extra vitality 1
a: no special abilities


You were on level 4 of the Dungeon.
You visited 1 branch of the dungeon, and saw 3 of its levels.

You collected 79 gold pieces.

Inventory:

Armour
 a - a +0 robe (worn)
 h - a +0 buckler
Wands
 l - a wand of digging (5)
Scrolls
 b - 2 scrolls of enchant weapon {unknown}
 d - 2 scrolls of identify {unknown}
 e - a scroll of summoning {unknown}
 g - a scroll of enchant armour {unknown}
 i - a scroll of holy word {unknown}
 k - a scroll of teleportation {unknown}
Potions
 c - a potion of might
 f - a potion of curing {@q1}
 j - a potion of invisibility {unknown}


   Skills:
 + Level 2.0 Fighting
 - Level 2.1 Dodging
 - Level 1.5 Stealth
 + Level 0.4 Shields
 * Level 3.5 Spellcasting


You couldn't memorise any spells.
You knew the following spells:

 Your Spells              Type           Power      Damage    Failure   Level
a - Foxfire               Conj/Fire      64%        2x1d7     3%          1
b - Scorch                Fire           32%        2d7       5%          2
c - Conjure Flame         Conj/Fire      16%        6-21      11%         3
d - Inner Flame           Hex/Fire       16%        N/A       11%         3
e - Flame Wave            Conj/Fire      16%        3d5       34%         4
f - Apportation           Tloc           32%        N/A       3%          1
Your spell library was empty.

Dungeon Overview and Level Annotations

Branches:
Dungeon (2/15)

Altars:

Shops:
D:1 =


Innate Abilities, Weirdness & Mutations

You are immune to sickness and miasma.
You are immune to poison.
Your flesh is very heat resistant. (rF++)
You are vulnerable to cold. (rC-)
You float through the air rather than walking.
You learn spells naturally, not from books.
Your magical power is your life essence.
You have superior vitality. (+4 HP)


Message History

The gnoll shaman is no longer more vulnerable to fire.
The gnoll shaman calls upon its god to speed up the gnoll.
The gnoll seems to speed up.
Your magical contamination has completely faded away.
The gnoll shaman prays to its god.
The gnoll shaman is healed somewhat.
The gnoll shaman utters an invocation to its god.
The gnoll shaman is healed somewhat.
Casting: Scorch (safe; 5% risk of failure)
Confirm with . or Enter, or press ? or * to list all spells.
You conjure some foxfire!
The gnoll misses you. The gnoll barely misses you.
Casting: Foxfire (safe; 3% risk of failure)
Confirm with . or Enter, or press ? or * to list all spells.
Flames lash the gnoll shaman.
The gnoll shaman is moderately wounded.
The gnoll shaman's fire resistance burns away.
* * * LOW HITPOINT WARNING * * *
The foxfire hits the gnoll.
The gnoll is lightly wounded.
The foxfire hits the gnoll.
The gnoll is moderately wounded.
The gnoll misses you. The gnoll closely misses you.
The gnoll shaman calls upon its god to heal the gnoll.
The gnoll's wounds heal themselves!
The gnoll shaman is no longer more vulnerable to fire.
The gnoll hits you but does no damage.
It was a potion of might.
You feel very mighty all of a sudden. The gnoll closely misses you.
The gnoll hits you from afar with a +0 spear.
* * * LOW HITPOINT WARNING * * *
It was a potion of curing.
You feel better. The gnoll closely misses you.
The gnoll hits you from afar with a +0 spear.
* * * LOW HITPOINT WARNING * * *
Okay, then.
The gnoll hits you from afar with a +0 spear!
* * * LOW HITPOINT WARNING * * *
The gnoll hits you from afar with a +0 spear.
You die...

.....##....##......<##
####.##.##..#.#.....# #.#(.#
#.........# #..)#####...#.####
##..# #....<..# #
#..###.###...##### ## ####
#......####......# .### ....##
#.###..##(..<..... ...#
#...###@............#.## .#....#
#..g....###.#.#.###.#
g####.#######..#..##........##.##
.# #......).....###........##..#
.# #####..g....###........###.#
.#####.......##.............# #.#
..........#####.####........###..
........### #.# #..........##.
.......## #.# #........#.##.


You could see a gnoll shaman and a gnoll (fast).

Vanquished Creatures
  A centaur skeleton (D:4)
  2 gnolls (D:4)
  An adder (D:2)
  An orc (D:4)
  3 ball pythons
  An endoplasm (D:2)
  A giant cockroach (D:2)
  5 goblins
  8 hobgoblins
  5 kobolds
  A quokka (D:1)
  A frilled lizard (D:2)
  3 rats (D:1)
33 creatures vanquished.

Vanquished Creatures (others)
  163 foxfires
163 creatures vanquished.

Grand Total: 196 creatures vanquished

Notes
Turn   | Place    | Note
-------+----------+-------------------------------------------
     0 | D:1      | freelancePsychic the Djinni Fire Elementalist began the
                  | quest for the Orb.
     0 | D:1      | Reached XP level 1. HP: 15/15 MP: 0/0
    44 | D:1      | Found Xourok's Jewellery Emporium.
   272 | D:1      | Reached XP level 2. HP: 17/22 MP: 0/0
   641 | D:1      | Found a faded altar of an unknown god.
   768 | D:1      | Reached skill level 1 in Fighting
  1367 | D:2      | Reached XP level 3. HP: 21/27 MP: 0/0
  1367 | D:2      | Learned a level 1 spell: Apportation
  1505 | D:2      | Reached skill level 3 in Spellcasting
  1987 | D:2      | You are sucked into a shaft and drop 2 floors!
  1994 | D:4      | Reached XP level 4. HP: 25/33 MP: 0/0
  2425 | D:4      | Slain by a gnoll

Illustrated notes

Levels and vault maps discovered:
D:1:      eino_arrival_cavern_d, layout_basic, basic_ecumenical_altar,
          serial_shops, nicolae_shop_behind_doors,
          hangedman_decor_clover_reticule
D:2:      layout_loops_corners
D:4:      layout_rooms, serial_shops, shop

Skill      XL: |  1  2  3  4 |
---------------+-------------+-----
Fighting       | 1 2 |  2.0
Spellcasting   | 3 |  3.5
Dodging        | |  2.1
Stealth        | |  1.5
Shields        | |  0.4

Action                   |  1- 3 |  4- 6 || total
-------------------------+-------+-------++-------
 Cast: Foxfire           |    78 |    17 ||    95
       Scorch            |       |     7 ||     7
  Use: Potion            |       |     2 ||     2
Armor: Robe              |     1 |     1 ||     2
Dodge: Dodged            |    13 |    11 ||    24

Table legend: (Time is in decaauts)
 A = Elapsed time spent in this place.
 B = Non-inter-level travel time spent in this place.
 C = Inter-level travel time spent in this place.
 D = Time resting spent in this place.
 E = Time spent auto-exploring this place.
 F = Levels seen in this place.
 G = Mean time per level.
                   A        B        C        D        E       F      G
               +--------+--------+--------+--------+--------+-----+--------+
         Total |   2424 |   2403 |     21 |      0 |   2155 |   3 |  808.0 |
       Dungeon |   2424 |   2403 |     21 |      0 |   2155 |   3 |  808.0 |
               +--------+--------+--------+--------+--------+-----+--------+

Top non-repeatable levels by time:
     D:1: 1194 daAuts
     D:2: 792 daAuts
     D:4: 437 daAuts
